cohdb
Replays
Latest Replays
All Replays
Popular Replays
Top Player Replays
Match Explorer
How It Works
Community
CoH3 Stats
Reddit
Sign in to upload your games and track your stats! →
Sign in with Steam
Match 41237648
Unlisted
Match 41237648
Overview
Messages
Build Orders
End
Construct Infanterie Kompanie
Grenadier Squad
Grenadier Squad
Grenadier Squad
Grenadier Squad
Infanterie Officer Quarters
Construct Luftwaffe Kompanie
Selects Breakthrough Battlegroup
Selects Assault Grenadiers
Flak 30 Anti-aircraft Gun Team
Jäger Squad
Support Elements
Jäger Squad
Luftwaffe Officer Quarters
Selects Rapid Production
Selects Blitzkrieg
Construct Panzer Kompanie
Stoßtruppen Squad
Selects Breakthrough
Selects Incendiary Bombing Run
Panzer Officer Quarters
Incendiary Bombing Run
Panzer IV Medium Tank
Pioneer Squad
Selects Tiger Heavy Tank
Incendiary Bombing Run
Rei
HulkSMASH
Kitsuné
Dumais
0
0
Comments
sign in to comment!
No comments posted yet!